 Dungeon Crawl Stone Soup version 0.31.0-11-ge490571c62 (webtiles) character file.

Game seed: 5095578004481386312

533 qw the Skirmisher (level 7, -1/40 HPs)
             Began as a Deep Elf Hunter on Feb 5, 2024.
             Incinerated by a bombardier beetle (4 damage)
             ... with a burning spray
             ... on level 4 of the Dungeon.
             The game lasted 00:01:30 (2666 turns).

qw the Skirmisher (Deep Elf Hunter)                 Turns: 2666, Time: 00:01:32

Health: -1/40      AC:  6    Str: 10    XL:     7   Next: 4%
Magic:  9/9        EV: 14    Int: 14    God:
Gold:   194        SH:  0    Dex: 18    Spells: 6/6 levels left

rFire   . . .        a - +2 shortbow
rCold   + . .        (shield currently unavailable)
rNeg    . . .        k - +2 robe {rC+}
rPois   .            (no helmet)
rElec   .            (no cloak)
rCorr   .            f - +1 pair of gloves
SInv    .            (no boots)
Will    .....        (no amulet)
Stlth   +            (no ring)
HPRegen 0.26/turn    (no ring)
MPRegen 0.11/turn

%: no passive effects
@: on fire, glowing
A: no striking features
a: no special abilities


You were on level 4 of the Dungeon.
You visited 1 branch of the dungeon, and saw 4 of its levels.

You collected 194 gold pieces.


   Skills:
 - Level 2.4 Fighting
 + Level 10.0 Ranged Weapons
 - Level 4.2 Dodging
 - Level 1.2 Stealth


You had 6 spell levels left.
You didn't know any spells.
Your spell library was empty.

Inventory:

Hand Weapons
 a - a +2 shortbow (weapon)
Armour
 f - a +1 pair of gloves (worn)
 k - a +2 robe of cold resistance (worn)
Potions
 e - a potion of enlightenment
 g - a potion of haste {unknown}
 i - a potion of resistance {unknown}
 m - a potion of brilliance {unknown}
 n - 2 potions of degeneration {unknown}
 o - a potion of magic {unknown}

Dungeon Overview and Level Annotations

Branches:
Dungeon (4/15)
 Temple: D:4-7

Altars:
Gozag

Annotations:
D:3 1 runed translucent door, Crazy Yiuf
D:4 3 runed translucent doors, qw's ghost, amateur DEHu


Message History

The bombardier beetle sprays incendiary fluid at you.
The burning spray hits you.
You are covered in liquid fire!
You shoot an arrow. The arrow barely misses the iguana.
The arrow hits the orc!
You kill the orc!
The liquid fire burns you! The iguana barely misses you.
You shoot an arrow.
The arrow hits the iguana but does no damage.
The iguana is severely wounded.
The liquid fire burns you! The iguana barely misses you.
You shoot an arrow.
The arrow hits the iguana but does no damage.
The iguana is severely wounded.
The liquid fire burns you! The iguana misses you.
You shoot an arrow.
The arrow hits the iguana but does no damage.
The iguana is severely wounded.
The liquid fire burns you! The iguana bites you!
The bombardier beetle sprays incendiary fluid at you.
The burning spray hits you.
You are even more covered in liquid fire!
You shoot an arrow. The arrow hits the iguana!
You kill the iguana!
The liquid fire burns you!
Your Dodging skill increases to level 4!
You have reached level 7!
You shoot an arrow. The arrow closely misses the orc.
The liquid fire burns you! The orc hits you but does no damage.
You shoot an arrow. The arrow hits the orc!
You kill the orc!
The liquid fire burns you!
You shoot an arrow. The arrow hits the bombardier beetle!
The bombardier beetle is heavily wounded.
The liquid fire burns you!
You die...

#.........#......+....
######...##......#
...# #...
#...#####+### ...#
....##'### ....
#.........# ....
#.........#
##...##B..#
#...##...########
#.........@))>....
#....#######......
#... ..... . )... ...
.. .


You could see a bombardier beetle.

Vanquished Creatures
  A phantom (D:4)
  A kobold brigand (D:4)
  A bullfrog (D:4)
  A scorpion (D:4)
  2 hounds
  2 orc priests (D:4)
  Jessica (D:2)
  An iguana (D:4)
  A gnoll (D:1)
  2 adders
  4 dart slugs
  10 orcs
  2 bats
  4 endoplasms
  2 giant cockroaches
  5 hobgoblins
  5 jackals
  A kobold (D:2)
  4 quokkas
  3 ball pythons
  2 frilled lizards
  2 goblins
  6 rats
63 creatures vanquished.

Notes
Turn   | Place    | Note
-------+----------+-------------------------------------------
     0 | D:1      | qw the Deep Elf Hunter began the quest for the Orb.
     0 | D:1      | Reached XP level 1. HP: 12/12 MP: 3/3
     0 | D:1      | 0 ||| qw: Version: 0.3-a-160-g6735b56
     0 | D:1      | 0 ||| qw: Game counter: 6265
     0 | D:1      | 0 ||| qw: Melee chars always use a shield: true
     0 | D:1      | 0 ||| qw: God list: Okawaru
     0 | D:1      | 0 ||| qw: Allow faded altars: false
     0 | D:1      | 0 ||| qw: Do Orc after clearing Dungeon:15 true
     0 | D:1      | 0 ||| qw: Do second Lair branch before Depths: true
     0 | D:1      | 0 ||| qw: Lair rune preference: random
     0 | D:1      | 0 ||| qw: Goals: Normal
     0 | D:1      | 0 ||| PLANNING D:1-11
    33 | D:1      | Reached skill level 6 in Ranged Weapons
    33 | D:1      | Reached XP level 2. HP: 15/16 MP: 4/4
   555 | D:1      | 555 ||| READING scroll labelled NURPHO ZO EPTIE.
   555 | D:1      | 555 ||| IDENTIFYING ruby potion
   556 | D:1      | 556 ||| DRINKING 2 smoky emerald potions.
   557 | D:1      | 557 ||| DROPPING scroll of butterflies.
   558 | D:1      | 558 ||| DROPPING potion of invisibility.
   616 | D:2      | Reached XP level 3. HP: 20/20 MP: 5/5
   754 | D:2      | Reached skill level 7 in Ranged Weapons
   914 | D:2      | HP: 2/20 [frozen (5)]
   915 | D:2      | Reached XP level 4. HP: 3/25 MP: 6/6
   915 | D:2      | 915 ||| DRINKING potion of heal wounds.
  1287 | D:2      | Noticed Jessica
  1295 | D:2      | Killed Jessica
  1296 | D:2      | Reached skill level 8 in Ranged Weapons
  1410 | D:2      | 1410 ||| UPGRADING to +0 pair of gloves.
  1415 | D:2      | 1415 ||| UPGRADING to +2 robe of cold resistance.
  1425 | D:2      | 1425 ||| DROPPING +0 leather armour.
  1426 | D:2      | 1426 ||| READING scroll of identify.
  1426 | D:2      | 1426 ||| IDENTIFYING lumpy inky potion
  1427 | D:2      | 1427 ||| READING scroll labelled WAITSE AQASK.
  1428 | D:2      | 1428 ||| READING scroll labelled ERPHERA WALO.
  1428 | D:2      | 1428 ||| ENCHANTING +0 pair of gloves.
  1429 | D:2      | 1429 ||| READING 2 scrolls labelled QOTASE PUHENG.
  1432 | D:2      | 1432 ||| READING scroll labelled VUDAB LEOCUO.
  1432 | D:2      | 1432 ||| ENCHANTING +0 shortbow.
  1503 | D:3      | 1503 ||| READING scroll of enchant weapon.
  1503 | D:3      | 1503 ||| ENCHANTING +1 shortbow.
  2014 | D:3      | Found a runed translucent door.
  2015 | D:3      | Noticed Crazy Yiuf
  2018 | D:3      | 2018 ||| DROPPING +6 ring of intelligence.
  2019 | D:3      | 2019 ||| READING scroll of identify.
  2019 | D:3      | 2019 ||| IDENTIFYING murky emerald potion
  2020 | D:3      | 2020 ||| READING scroll labelled KUXZUU UN DOFO.
  2056 | D:4      | Noticed a phantom
  2059 | D:4      | Reached skill level 3 in Dodging
  2059 | D:4      | Reached XP level 5. HP: 29/29 MP: 7/7
  2071 | D:4      | HP: 7/29 [phantom (5)]
  2072 | D:4      | 2072 ||| READING scroll of teleportation.
  2072 | D:4      | HP: 2/29 [scorpion (2)]
  2073 | D:4      | 2073 ||| DRINKING potion of heal wounds.
  2074 | D:4      | 2074 ||| RETREEEEATING.
  2075 | D:4      | 2075 ||| RETREEEEATING.
  2178 | D:4      | Reached skill level 9 in Ranged Weapons
  2324 | D:4      | Found a runed translucent gate.
  2325 | D:4      | Found a runed translucent gate.
  2329 | D:4      | Found a runed translucent gate.
  2331 | D:4      | Noticed qw's ghost (amateur DEHu)
  2347 | D:4      | Killed a phantom
  2348 | D:4      | Reached XP level 6. HP: 35/36 MP: 8/8
  2380 | D:4      | 2380 ||| DRINKING potion of curing.
  2380 | D:4      | 2380 ||| (to cure poison)
  2483 | D:4      | Found an opulent altar of Gozag.
  2488 | D:4      | Reached skill level 10 in Ranged Weapons
  2492 | D:4      | HP: 9/36 [orc priest/divine providence (13)]
  2664 | D:4      | Reached XP level 7. HP: 12/40 MP: 9/9
  2664 | D:4      | HP: 6/40 [burnt (6)]
  2665 | D:4      | HP: 2/40 [burnt (4)]
  2666 | D:4      | Incinerated by a bombardier beetle

Levels and vault maps discovered:
D:1:      scummos_arrival_star, layout_basic
D:2:      layout_basic, kennysheep_jessica_study
D:3:      layout_loops_ring, uniq_crazy_yiuf_cottage
D:4:      layout_gridville, nicolae_ru_sacrificial_ziggurat,
          mainiacjoe_overflow_six_doors_small, ebering_ghost_rock_garden,
          lightli_minifort

Skill      XL: |  1  2  3  4  5  6 |
---------------+-------------------+-----
Ranged Weapons | 6 7 8 9 10 | 10.0
Dodging        | 3 4 |  4.2
Fighting       | 2 |  2.4
Stealth        | |  1.2

Action                     |  1- 3 |  4- 6 |  7- 9 || total
---------------------------+-------+-------+-------++-------
   Fire: Shortbow          |    79 |   126 |     3 ||   208
    Use: Scroll            |     1 |     9 |       ||    10
         Potion            |     1 |     3 |       ||     4
 Armour: Leather armour    |    20 |    12 |       ||    32
         Robe              |       |    19 |     1 ||    20
  Dodge: Dodged            |    17 |    39 |       ||    56

Table legend:
 A = Non-vault XP
 B = Vault XP
 C = Vault XP percentage of total XP
 D = Non-vault monster count
 E = Vault monster count
 F = Vault count percentage of total count
                 A         B        C        D         E       F
            +---------+---------+-------+---------+---------+-------
      Total |     723 |      39 |   5.1 |      61 |       2 |   3.2
            +---------+---------+-------+---------+---------+-------
        D:1 |      37 |       0 |   0.0 |      14 |       0 |   0.0
        D:2 |      91 |      39 |  30.0 |      19 |       2 |   9.5
        D:3 |      12 |       0 |   0.0 |       5 |       0 |   0.0
        D:4 |     583 |       0 |   0.0 |      23 |       0 |   0.0
            +---------+---------+-------+---------+---------+-------
